 Dungeon Crawl Stone Soup version 0.31-a0-702-gf82c85558f (webtiles) character file.

Game seed: 4565076824089683166

4746 qw the Skirmisher (level 10, -13/64 HPs)
             Began as a Gargoyle Hunter on Sept 8, 2023.
             Was a Believer of Okawaru.
             Mangled by a komodo dragon (23 damage)
             ... on level 8 of the Dungeon.
             The game lasted 00:03:37 (7455 turns).

qw the Skirmisher (Gargoyle Hunter)                 Turns: 7455, Time: 00:03:37

Health: -13/64     AC: 14    Str: 23    XL:     10   Next: 46%
Magic:  13/13      EV: 12    Int: 14    God:    Okawaru [**....]
Gold:   726        SH:  4    Dex: 15    Spells: 9/9 levels left

rFire   . . .        f - +4 longbow (heavy)
rCold   . . .        (shield currently unavailable)
rNeg    + . .        g - +3 leather armour of the Lost Path {*Corrode rPois Regen+ Slay+6}
rPois   inf          (no helmet)
rElec   +            (no cloak)
rCorr   .            (no gloves)
SInv    .            k - +0 pair of boots
Will    .....        (no amulet)
Stlth   ++           i - +6 ring of strength
HPRegen 1.10/turn    (no ring)
MPRegen 0.13/turn

%: corrode self (3%)
@: about to teleport
A: sickness immunity, AC +7, negative energy resistance 1, electricity
resistance, torment resistance 1, petrification resistance, large bone plates 1,
clever 1, strong 1
a: Renounce Religion, Heroism


You were on level 8 of the Dungeon.
You worshipped Okawaru.
Okawaru was pleased with you.
You visited 2 branches of the dungeon, and saw 9 of its levels.
You also visited: Ossuary.

You collected 726 gold pieces.


Innate Abilities, Weirdness & Mutations

You are immune to sickness and miasma.
Your stone body is resilient. (AC +7)
You are immune to poison.
You resist negative energy. (rN+)
You are resistant to electric shocks. (rElec)
You are resistant to unholy torment.
You are immune to petrification.
You are partially covered in large bone plates. (SH +4)
Your mind is acute. (Int +4, Str/Dex -1)
Your muscles are strong. (Str +4, Int/Dex -1)


   Skills:
 - Level 8.2 Fighting
 + Level 12.5 Ranged Weapons
 - Level 2.7 Armour
 - Level 3.1 Dodging
 - Level 1.1 Stealth
 - Level 4.0 Invocations


You had 9 spell levels left.
You didn't know any spells.
Your spell library was empty.

Inventory:

Hand Weapons
 f - a +4 heavy longbow (weapon)
Armour
 g - the +3 leather armour of the Lost Path (worn) {*Corrode rPois Regen+ Slay+6}
   (You found it on level 5 of the Dungeon)

   Slay+6:    It affects your accuracy & damage with ranged weapons and melee
   (+6).
   rPois:     It protects you from poison Regen+: It increases your rate of
   health regeneration.
   *Corrode:  It may corrode you when you take damage.
 k - a +0 pair of boots (worn)
Jewellery
 i - a +6 ring of strength (left hand)
Scrolls
 b - 3 scrolls of teleportation
 e - 3 scrolls of identify
Potions
 a - 2 potions of haste
 c - 4 potions of cancellation
 d - a potion of enlightenment
 h - 2 potions of mutation
 j - a potion of magic
 l - a potion of curing

Dungeon Overview and Level Annotations

Branches:
Dungeon (8/15)             Temple (0/1) D:7            Lair (1/5) D:8
Ossuary (visited)

Altars:
Cheibriados
Dithmenos
Fedhas
Gozag
Hepliaklqana
Kikubaaqudgha
Okawaru
Qazlal
Sif Muna
Trog
Uskayaw
Vehumet
Wu Jian
Xom
The Shining One

Shops:
D:7 (

Annotations:
D:4 3 runed translucent doors, qw's ghost, novice GrHu


Message History

You shoot an arrow. The arrow hits the cane toad!!!
You kill the cane toad!
Okawaru accepts your kill.
You start resting.
HP restored.
You start resting.
Magic restored.
Done exploring.
What level of the Lair of Beasts? (default 1, ? - help)
You see here a water moccasin corpse.
There is a staircase to the Lair, spattered with blood here.
You climb downwards.
Welcome back to the Lair of Beasts!
You feel like a meek peon again.
The yak bellows!
The wolf bites you but does no damage.
The blink frog blinks!
The yak completely misses you.
The komodo dragon bites you but does no damage. x2
The yak gores you! The komodo dragon closely misses you.
The komodo dragon misses you. The yak closely misses you.
There is a staircase back to the Dungeon here.
7452 |||
Found retreat position at 0,4 (floor) with 1 blocking monsters and 3 monsters attacking at destination at distance 4
7452 ||| STAIRDANCE The blink frog hits you!
The blink frog blinks!
The wolf bites you but does no damage. The komodo dragon bites you!!
The yak gores you but does no damage. The komodo dragon bites you!
The yak gores you but does no damage.
You hear a bellow!
You climb upwards.
Welcome back to the Dungeon!
There is a staircase to the Lair, spattered with blood here.
7454 |||
Found retreat position at 3,2 (floor) with 0 blocking monsters and 1 monsters attacking at destination at distance 3
7454 ||| READING 4 scrolls of teleportation.
As you read the scroll of teleportation, it crumbles to dust.
You feel strangely unstable.
The komodo dragon bites you but does no damage.
The yak gores you. You block the komodo dragon's attack.
The yak gores you but does no damage.
7455 |||
Found retreat position at 3,2 (floor) with 0 blocking monsters and 1 monsters attacking at destination at distance 3
7455 ||| Stepping ~*~*~tactically~*~*~ (retreating).
The komodo dragon bites you!!
You die...

#...###.............## #....##
##...#.....#..#......####.....# #
##..#................##....... ##
##...........#............... .##
##.......#..###.....#........
..###....#.#.....##..............
#..##....#..#.....#..#...........
#..............lY........#.......
#..............l@%#..#...~.......
##...#.....###.Y.#.......#.......
#...........##...#............<..
#.....(....#.#...#...............
.................................
.../.............................
##......#~......................)
###...####.........~.##..........
#...## ###......#####..........


You could see 2 komodo dragons and 2 yaks.

Vanquished Creatures
  A catoblepas (D:8)
  A cane toad (D:8)
  A rime drake (D:8)
  Grinder (D:3)
  3 yaks (D:8)
  3 water moccasins
  2 sky beasts (D:7)
  5 ice beasts
  2 black bears
  3 wolves (D:8)
  A centaur (D:4)
  A kobold brigand (D:6)
  3 bullfrogs
  4 scorpions
  3 howler monkeys
  A crimson imp (D:4)
  3 hounds
  3 jellies
  An orc priest (D:7)
  6 iguanas
  2 orc wizards (D:8)
  9 adders
  9 gnolls
  4 river rats (D:4)
  2 shadow imps
  2 white imps
  2 ufetubi
  6 worms
  4 dart slugs
  18 orcs
  10 endoplasms
  2 giant cockroaches (D:1)
  35 goblins
  29 hobgoblins
  4 jackals (D:4)
  2 quokkas
  5 ball pythons
  5 bats
  2 frilled lizards
  2 gnoll skeletons (Ossuary)
  6 goblin skeletons
  2 goblin zombies
  2 hobgoblin skeletons (Ossuary)
  2 hobgoblin zombies
  18 kobolds
  A kobold skeleton (Ossuary)
  4 kobold zombies
  2 orc skeletons
  An orc zombie (Ossuary)
  8 rats
  3 rat skeletons (Ossuary)
  2 rat zombies (Ossuary)
253 creatures vanquished.

Notes
Turn   | Place    | Note
-------+----------+-------------------------------------------
     0 | D:1      | qw the Gargoyle Hunter began the quest for the Orb.
     0 | D:1      | Reached XP level 1. HP: 12/12 MP: 1/1
     0 | D:1      | 0 ||| qw: Version: 0.3-a-76-g4403597
     0 | D:1      | 0 ||| qw: Game counter: 1139
     0 | D:1      | 0 ||| qw: Melee chars always use a shield: true
     0 | D:1      | 0 ||| qw: God list: Okawaru
     0 | D:1      | 0 ||| qw: Allow faded altars: false
     0 | D:1      | 0 ||| qw: Do Orc after clearing Dungeon:15 true
     0 | D:1      | 0 ||| qw: Do second Lair branch before Depths: true
     0 | D:1      | 0 ||| qw: Lair rune preference: random
     0 | D:1      | 0 ||| qw: Goals: Normal
     0 | D:1      | 0 ||| PLANNING D:1-11
    57 | D:1      | Reached XP level 2. HP: 17/17 MP: 2/2
   421 | D:1      | Reached XP level 3. HP: 21/21 MP: 3/3
   538 | D:1      | 538 ||| READING scroll labelled YROCORHOITO.
   539 | D:1      | 539 ||| READING scroll labelled QEG YJ TIOS.
   540 | D:1      | 540 ||| READING 2 scrolls labelled ZOIRGH WEPNO KICO.
   541 | D:1      | 541 ||| READING scroll labelled NYLISE ZIPN.
   542 | D:1      | 542 ||| READING scroll labelled PIYRITETZU.
   547 | D:1      | 547 ||| DROPPING scroll of butterflies.
   548 | D:1      | 548 ||| DROPPING scroll of vulnerability.
   599 | D:2      | Reached skill level 5 in Ranged Weapons
   649 | D:2      | HP: 5/22 [adder (3)]
   735 | D:2      | Reached XP level 4. HP: 27/27 MP: 4/4
   750 | D:2      | Reached skill level 3 in Fighting
   792 | D:2      | 792 ||| UPGRADING to +0 ring mail.
   802 | D:2      | 802 ||| DROPPING +0 leather armour.
   824 | D:2      | 824 ||| DRINKING 2 bubbling dark potions.
   884 | D:2      | Reached skill level 1 in Armour
  1117 | D:2      | 1117 ||| READING scroll labelled FEEM SEGOEQUQ.
  1118 | D:2      | 1118 ||| READING scroll labelled LYXAEZ VAEQONI.
  1119 | D:2      | 1119 ||| READING scroll labelled CEUQ EP VASEN.
  1120 | D:2      | 1120 ||| READING 2 scrolls of identify.
  1120 | D:2      | 1120 ||| IDENTIFYING silvery potion
  1128 | D:3      | Found a faded altar of an unknown god.
  1269 | D:3      | Noticed Grinder
  1272 | D:3      | Paralysed by Grinder for 4 turns
  1301 | D:3      | Paralysed by Grinder for 2 turns
  1309 | D:3      | HP: 6/28 [Grinder (6)]
  1310 | D:3      | 1310 ||| READING 2 scrolls of teleportation.
  1312 | D:3      | Paralysed by Grinder for 5 turns
  1317 | D:3      | HP: 5/28 [goblin/sling bullet (3)]
  1318 | D:3      | 1318 ||| READING scroll of teleportation.
  1466 | D:3      | Reached XP level 5. HP: 32/32 MP: 5/5
  1566 | D:3      | Reached skill level 6 in Ranged Weapons
  1597 | D:3      | 1597 ||| FLEEEEING.
  1598 | D:3      | 1598 ||| FLEEEEING.
  1599 | D:3      | 1599 ||| FLEEEEING.
  1600 | D:3      | 1600 ||| FLEEEEING.
  1601 | D:3      | 1601 ||| FLEEEEING.
  1606 | D:3      | 1606 ||| FLEEEEING.
  1607 | D:3      | 1607 ||| FLEEEEING.
  1608 | D:3      | 1608 ||| FLEEEEING.
  1609 | D:3      | 1609 ||| FLEEEEING.
  1611 | D:3      | 1611 ||| FLEEEEING.
  1612 | D:3      | 1612 ||| FLEEEEING.
  1613 | D:3      | 1613 ||| FLEEEEING.
  1614 | D:3      | 1614 ||| FLEEEEING.
  1615 | D:3      | 1615 ||| FLEEEEING.
  1616 | D:3      | 1616 ||| FLEEEEING.
  1624 | D:3      | 1624 ||| Stepping ~*~*~tactically~*~*~ (water).
  1627 | D:3      | 1627 ||| FLEEEEING.
  1628 | D:3      | 1628 ||| FLEEEEING.
  1629 | D:3      | 1629 ||| FLEEEEING.
  1630 | D:3      | 1630 ||| FLEEEEING.
  1631 | D:3      | 1631 ||| FLEEEEING.
  1632 | D:3      | 1632 ||| FLEEEEING.
  1636 | D:3      | 1636 ||| FLEEEEING.
  1734 | D:3      | Found a hazy altar of Hepliaklqana.
  1902 | D:3      | 1902 ||| Stepping ~*~*~tactically~*~*~ (outnumbered).
  1903 | D:3      | 1903 ||| Stepping ~*~*~tactically~*~*~ (outnumbered).
  1904 | D:3      | 1904 ||| Stepping ~*~*~tactically~*~*~ (outnumbered).
  1905 | D:3      | 1905 ||| Stepping ~*~*~tactically~*~*~ (outnumbered).
  1906 | D:3      | 1906 ||| Stepping ~*~*~tactically~*~*~ (outnumbered).
  1907 | D:3      | 1907 ||| Stepping ~*~*~tactically~*~*~ (outnumbered).
  1908 | D:3      | 1908 ||| Stepping ~*~*~tactically~*~*~ (outnumbered).
  1909 | D:3      | 1909 ||| Stepping ~*~*~tactically~*~*~ (outnumbered).
  1937 | D:3      | 1937 ||| FLEEEEING.
  1938 | D:3      | 1938 ||| FLEEEEING.
  1939 | D:3      | 1939 ||| FLEEEEING.
  1940 | D:3      | 1940 ||| FLEEEEING.
  1941 | D:3      | 1941 ||| FLEEEEING.
  1942 | D:3      | 1942 ||| FLEEEEING.
  1948 | D:3      | 1948 ||| Stepping ~*~*~tactically~*~*~ (water).
  1949 | D:3      | 1949 ||| FLEEEEING.
  1950 | D:3      | 1950 ||| FLEEEEING.
  1951 | D:3      | 1951 ||| FLEEEEING.
  2070 | D:3      | Reached XP level 6. HP: 33/38 MP: 6/6
  2202 | D:3      | Found a snail-covered altar of Cheibriados.
  2215 | D:3      | Killed Grinder
  2216 | D:3      | Reached skill level 7 in Ranged Weapons
  2216 | D:3      | Reached XP level 7. HP: 26/43 MP: 7/7
  2815 | D:3      | 2815 ||| UPGRADING to +6 ring of strength.
  2816 | D:3      | 2816 ||| READING scroll labelled ZETYF CAEK.
  2917 | D:3      | 2917 ||| DRINKING 2 sedimented inky potions.
  2918 | D:3      | 2918 ||| DRINKING 2 green potions.
  2919 | D:3      | 2919 ||| READING 2 scrolls of identify.
  2919 | D:3      | 2919 ||| IDENTIFYING orange potion
  2938 | D:4      | 2938 ||| PLANNING SEWER
  2973 | D:4      | Reached skill level 8 in Ranged Weapons
  3041 | D:4      | 3041 ||| SWAPPING to +0 orcbow.
  3054 | D:4      | 3054 ||| DROPPING +0 shortbow.
  3099 | D:4      | Found a hide-covered altar of Uskayaw.
  3155 | D:4      | Found an opulent altar of Gozag.
  3234 | D:4      | You fall into a shaft and drop 3 floors!
  3332 | D:7      | Found a stormy altar of Qazlal.
  3370 | D:7      | HP: 10/44 [something (2)]
  3372 | D:7      | 3372 ||| DRINKING potion of heal wounds.
  3375 | D:7      | Reached XP level 8. HP: 28/49 MP: 8/8
  3450 | D:7      | 3450 ||| DRINKING 2 sedimented white potions.
  3451 | D:7      | 3451 ||| DRINKING potion of curing.
  3451 | D:7      | 3451 ||| (to cure confusion)
  3452 | D:7      | 3452 ||| DRINKING 2 fuming brown potions.
  3453 | D:7      | 3453 ||| READING 2 scrolls of identify.
  3453 | D:7      | 3453 ||| IDENTIFYING blue potion
  3454 | D:7      | 3454 ||| DROPPING potion of degeneration.
  3455 | D:7      | 3455 ||| DROPPING potion of ambrosia.
  3456 | D:7      | 3456 ||| DROPPING potion of magic.
  3533 | D:5      | Entered Level 5 of the Dungeon
  3542 | D:5      | 3542 ||| STAIRDANCE
  3623 | D:4      | Found a glowing golden altar of the Shining One.
  3714 | D:4      | 3714 ||| RIP SEWER
  3721 | D:4      | 3721 ||| PLANNING D:1-11
  4007 | D:4      | Found a runed translucent gate.
  4008 | D:4      | Found a runed translucent gate.
  4009 | D:4      | Found a runed translucent gate.
  4011 | D:4      | Noticed qw's ghost (novice GrHu)
  4014 | D:4      | Identified the +9 spear "Yjaklago" {distort, Str+2}
  4014 | D:4      | Identified the +1 scale mail "Dimeturam" {rC+}
  4064 | D:4      | Found a shadowy altar of Dithmenos.
  4267 | D:4      | Reached skill level 9 in Ranged Weapons
  4586 | D:5      | 4586 ||| STAIRDANCE
  4751 | D:5      | 4751 ||| SWAPPING to +0 longbow.
  4752 | D:5      | 4752 ||| DROPPING +0 orcbow.
  4867 | D:5      | Reached skill level 6 in Fighting
  4882 | D:5      | Identified the +3 leather armour of the Lost Path {*Corrode
                  | rPois Regen+ Slay+6}
  5203 | D:5      | 5203 ||| UPGRADING to +3 leather armour of the Lost Path
                  | {*Corrode rPois Regen+ Slay+6}.
  5213 | D:5      | 5213 ||| DROPPING +0 ring mail.
  5214 | D:5      | 5214 ||| DRINKING 2 sedimented grey potions.
  5214 | D:5      | Gained mutation: You are partially covered in large bone
                  | plates. (SH +4) [potion of mutation]
  5214 | D:5      | Gained mutation: Your mind is acute. (Int +4, Str/Dex -1)
                  | [potion of mutation]
  5214 | D:5      | Gained mutation: Your muscles are strong. (Str +4, Int/Dex
                  | -1) [potion of mutation]
  5215 | D:5      | 5215 ||| DRINKING 2 cyan potions.
  5216 | D:5      | 5216 ||| READING 2 scrolls of identify.
  5216 | D:5      | 5216 ||| IDENTIFYING purple potion
  5217 | D:5      | 5217 ||| DROPPING potion of invisibility.
  5218 | D:5      | 5218 ||| DROPPING potion of lignification.
  5246 | D:6      | Found a blossoming altar of Fedhas.
  5283 | D:6      | Found an iron altar of Okawaru.
  5284 | D:6      | 5284 ||| PLANNING OKAWARU WORSHIP
  5297 | D:6      | Became a worshipper of Warmaster Okawaru
  5298 | D:6      | 5298 ||| PLANNING D:1-11
  5369 | D:6      | Reached XP level 9. HP: 55/55 MP: 9/9
  5381 | D:6      | Found a bloodstained altar of Trog.
  5388 | D:6      | Identified the +1 dagger of Lofrabb {drain, rF- Str+2
                  | Dex+5}
  5421 | D:6      | Reached skill level 10 in Ranged Weapons
  5544 | D:6      | 5544 ||| Stepping ~*~*~tactically~*~*~ (outnumbered).
  5546 | D:6      | 5546 ||| Stepping ~*~*~tactically~*~*~ (outnumbered).
  5548 | D:6      | 5548 ||| Stepping ~*~*~tactically~*~*~ (outnumbered).
  5549 | D:6      | 5549 ||| Stepping ~*~*~tactically~*~*~ (outnumbered).
  5676 | D:6      | 5676 ||| READING scroll labelled INOQEYTHRA EQEH.
  5677 | D:6      | 5677 ||| READING scroll labelled WOMIKIUSEU.
  5677 | D:6      | Identified a scroll of acquirement
  5677 | D:6      | 5677 ||| ACQUIRING +4 heavy longbow
  5677 | D:6      | Acquired a +4 heavy longbow
  5679 | D:6      | 5679 ||| SWAPPING to +4 heavy longbow.
  5680 | D:6      | 5680 ||| DROPPING +0 longbow.
  5735 | D:7      | 5735 ||| FLEEEEING.
  5755 | D:7      | Found a shimmering blue altar of Sif Muna.
  5846 | D:7      | Found a radiant altar of Vehumet.
  5864 | D:7      | Reached skill level 3 in Dodging
  5897 | D:7      | Found a shimmering altar of Xom.
  5901 | D:7      | Found Wawkuonuoz's Antique Weapon Emporium.
  5927 | D:7      | Found a staircase to the Ecumenical Temple.
  6182 | D:7      | 6182 ||| UPGRADING to +0 pair of boots.
  6187 | D:7      | 6187 ||| READING scroll labelled UWEITO IDODA.
  6197 | D:8      | 6197 ||| PLANNING OSSUARY
  6236 | D:8      | Reached * piety under Okawaru
  6327 | D:8      | Reached skill level 1 in Invocations
  6332 | D:8      | 6332 ||| Stepping ~*~*~tactically~*~*~ (retreating).
  6348 | D:8      | Noticed a rime drake
  6350 | D:8      | Killed a rime drake
  6351 | D:8      | Reached skill level 11 in Ranged Weapons
  6351 | D:8      | Reached skill level 3 in Invocations
  6375 | D:8      | Found a sand-covered staircase.
  6379 | Ossuary  | Entered an ossuary
  6544 | D:8      | 6544 ||| PLANNING D:1-11
  6597 | D:8      | Found a staircase to the Lair.
  6633 | D:8      | 6633 ||| Stepping ~*~*~tactically~*~*~ (outnumbered).
  6637 | D:8      | 6637 ||| FLEEEEING.
  6638 | D:8      | 6638 ||| FLEEEEING.
  6639 | D:8      | 6639 ||| FLEEEEING.
  6640 | D:8      | 6640 ||| FLEEEEING.
  6641 | D:8      | 6641 ||| FLEEEEING.
  6737 | D:8      | Found an ornate altar of the Wu Jian Council.
  6906 | D:8      | Reached ** piety under Okawaru
  6973 | D:8      | Found an ancient bone altar of Kikubaaqudgha.
  7020 | D:8      | 7020 ||| RETREATING.
  7023 | D:8      | Reached XP level 10. HP: 64/64 MP: 13/13
  7027 | D:8      | 7027 ||| FLEEEEING.
  7028 | D:8      | 7028 ||| FLEEEEING.
  7029 | D:8      | 7029 ||| FLEEEEING.
  7030 | D:8      | 7030 ||| FLEEEEING.
  7031 | D:8      | 7031 ||| FLEEEEING.
  7032 | D:8      | 7032 ||| FLEEEEING.
  7033 | D:8      | 7033 ||| FLEEEEING.
  7034 | D:8      | 7034 ||| FLEEEEING.
  7209 | D:8      | 7209 ||| PLANNING LAIR
  7209 | D:8      | 7209 ||| DROPPING ring of magical power.
  7256 | Lair:1   | Entered Level 1 of the Lair of Beasts
  7257 | Lair:1   | 7257 ||| STAIRDANCE
  7257 | Lair:1   | Noticed a catoblepas
  7360 | Lair:1   | Noticed a cane toad
  7361 | Lair:1   | 7361 ||| STAIRDANCE
  7368 | Lair:1   | 7368 ||| STAIRDANCE
  7370 | D:8      | 7370 ||| Stepping ~*~*~tactically~*~*~ (retreating).
  7371 | D:8      | 7371 ||| Stepping ~*~*~tactically~*~*~ (retreating).
  7372 | D:8      | 7372 ||| INVOKING Heroism.
  7380 | D:8      | Killed a catoblepas
  7381 | D:8      | Reached skill level 12 in Ranged Weapons
  7424 | Lair:1   | 7424 ||| STAIRDANCE
  7426 | D:8      | 7426 ||| Stepping ~*~*~tactically~*~*~ (retreating).
  7427 | D:8      | 7427 ||| Stepping ~*~*~tactically~*~*~ (retreating).
  7428 | D:8      | 7428 ||| Stepping ~*~*~tactically~*~*~ (retreating).
  7431 | D:8      | Reached *** piety under Okawaru
  7432 | D:8      | 7432 ||| INVOKING Heroism.
  7434 | D:8      | Killed a cane toad
  7451 | Lair:1   | Noticed a cane toad
  7452 | Lair:1   | 7452 ||| STAIRDANCE
  7452 | Lair:1   | HP: 10/64 [komodo dragon (8)]
  7454 | D:8      | 7454 ||| READING 4 scrolls of teleportation.
  7455 | D:8      | 7455 ||| Stepping ~*~*~tactically~*~*~ (retreating).
  7455 | D:8      | Mangled by a komodo dragon

Levels and vault maps discovered:
D:1:      reono_arrival_mine, layout_rooms, chequers_serial_rivers_marsh,
          minmay_circled_x
D:2:      layout_basic, minmay_surrounded
D:3:      minmay_goblin_kobold_castle, layout_loops_ring,
          mainiacjoe_overflow_alcove_2, mainiacjoe_overflow_24_doors,
          shapermc_ecumenical_altar_mp_highgroup, uniq_grinder
D:4:      minmay_wonky_spiral, layout_basic, grunt_dithmenos_smoke,
          kennysheep_little_box, nicolae_tso_besieged_by_evil,
          mainiacjoe_overflow_six_doors_small, biasface_ghost_orc_armoury,
          lightli_sewer_entry_pipes
D:5:      layout_basic
D:6:      layout_rooms, mainiacjoe_overflow_boulevard, bloody_trog,
          mainiacjoe_overflow_alcove_1
D:7:      layout_loops_cross, dk_xom_monty_hall,
          mainiacjoe_overflow_surrounded_room, nicolae_sif_muna_condensation,
          nicolae_qazlal_beasts_of_the_sky, minmay_temple_entry_sparse_star,
          serial_shops, shop
D:8:      layout_layer_cave, nzn_wu_jian_council_hall, amcnicky_altar_gilded,
          hellmonk_lair_entry_icy, lightli_ossuary_entry_decrepit_ruins,
          nicolae_figureground_pulse
Lair:1:   layout_regular_city, infiniplex_staircase_pool_2, grunt_megastairs_3,
          uniq_maggie, uniq_fannar

Skill      XL: |  1  2  3  4  5  6  7  8  9 10 |
---------------+-------------------------------+-----
Ranged Weapons | 5 6 7 8 9 11 12 | 12.5
Fighting       | 3 4 5 6 8 |  8.2
Armour         | 1 2 |  2.7
Dodging        | 2 3 |  3.1
Invocations    | 4 |  4.0
Stealth        | |  1.1

Action                     |  1- 3 |  4- 6 |  7- 9 | 10-12 || total
---------------------------+-------+-------+-------+-------++-------
   Fire: Shortbow          |    96 |   279 |    47 |       ||   422
         Orcbow            |       |       |   203 |       ||   203
         Longbow           |       |       |   144 |    22 ||   166
 Invoke: Heroism           |       |       |       |     2 ||     2
    Use: Scroll            |     5 |     6 |     7 |     1 ||    19
         Potion            |       |     1 |     8 |       ||     9
 Armour: Leather armour    |    46 |       |    25 |    43 ||   114
         Ring mail         |       |    96 |    96 |       ||   192
  Dodge: Dodged            |    49 |    63 |    95 |    18 ||   225
  Block: Other             |       |       |     2 |     5 ||     7

Table legend:
 A = Non-vault XP
 B = Vault XP
 C = Vault XP percentage of total XP
 D = Non-vault monster count
 E = Vault monster count
 F = Vault count percentage of total count
                 A         B        C        D         E       F
            +---------+---------+-------+---------+---------+-------
      Total |    4285 |    2495 |  36.8 |     132 |     121 |  47.8
            +---------+---------+-------+---------+---------+-------
        D:1 |      27 |       8 |  22.9 |      16 |       4 |  20.0
        D:2 |      84 |      22 |  20.8 |      19 |       4 |  17.4
        D:3 |     122 |     471 |  79.4 |      18 |      60 |  76.9
        D:4 |     130 |     247 |  65.5 |      15 |      23 |  60.5
        D:5 |     394 |       0 |   0.0 |      10 |       0 |   0.0
        D:6 |     922 |       0 |   0.0 |      25 |       0 |   0.0
        D:7 |     490 |     224 |  31.4 |      13 |       4 |  23.5
        D:8 |    2116 |    1505 |  41.6 |      16 |       8 |  33.3
    Ossuary |       0 |      18 | 100.0 |       0 |      18 | 100.0
            +---------+---------+-------+---------+---------+-------
